Map: Lost and Found LE

Players

SubwayGuy

  • Race: Terran Terran
  • League: Master
  • Spawn Location: 1:00

Dutchkid - Winner!

  • Race: Zerg Zerg
  • League: Diamond
  • Spawn Location: 7:00

VOD

Have the link to the VOD?

Description

Time

  • Played on: Oct. 15, 2018, 5:30 a.m.
  • Length: 18:53
Show
View Real Time Build Order
Export as new Build Order

SubwayGuy Terran 

Build Orders: Reaper Expand, MMM Bio 

Get SALT Encoding   

  12  0:00  SCV  
  13  0:13  SCV  
  14  0:17  Supply Depot  
  14  0:25  SCV  
  15  0:39  SCV, Barracks  
  16  0:45  Refinery  
  16  0:51  SCV  
  17  1:03  SCV  
  18  1:15  SCV  
  19  1:28  Orbital Command  
  19  1:29  Reaper  
  20  1:44  Command Center  
  20  1:55  Barracks  
  20  1:58  SCV  
  21  2:09  Barracks Reactor  
  21  2:10  Refinery, SCV  
  22  2:17  Supply Depot  
  23  2:22  SCV  
  23  2:39  SCV, Factory  
  24  2:49  Marine x2  
  24  2:50  Barracks Tech Lab  
  24  2:51  SCV  
  27  3:01  Bunker  
  27  3:02  Orbital Command  
  27  3:03  SCV  
  28  3:08  Marine  
  28  3:14  Stimpack, Marine  
  28  3:16  Marine  
  30  3:21  SCV  
  30  3:25  Marine  
  32  3:28  SCV  
  32  3:32  Marine  
  34  3:35  Marine, Supply Depot  
  34  3:37  SCV  
  34  3:40  SCV  
  37  3:48  Starport  
  37  3:49  Marine, SCV  
  37  3:50  Marine  
  37  3:53  Factory Reactor  
  40  4:00  SCV  
  40  4:01  Supply Depot  
  40  4:02  Marine  
  40  4:17  Marine x2  
  39  4:20  SCV x2  
  43  4:26  Supply Depot  
  43  4:27  Supply Depot  
  43  4:28  Marine  
  44  4:32  SCV x2  
  44  4:34  Marine  
  44  4:35  Marine  
  48  4:39  Factory Tech Lab  
  48  4:43  Medivac x2  
  52  4:48  SCV x2  
  52  4:51  Marine  
  52  4:52  Marine  
  56  5:00  SCV x2  
  56  5:05  Engineering Bay x2  
  58  5:07  Marine  
  58  5:09  Marine  
  58  5:12  SCV x2  
  62  5:24  SCV  
  62  5:26  Marine x2  
  62  5:27  Marine, Siege Tank  
  69  5:32  Terran Infantry Armor Level 1, Terran Infantry Weapons Level 1  
  70  5:36  Refinery  
  70  5:37  Refinery  
  69  5:44  Marine  
  69  5:47  Combat Shields  
  69  5:49  Command Center  
  70  5:52  SCV x2  
  70  5:53  Marine  
  73  6:08  Medivac  
  73  6:11  SCV x2  
  75  6:18  Siege Tank  
  78  6:21  Supply Depot  
  78  6:23  Supply Depot x2  
  78  6:31  Barracks  
  78  6:43  Marine x3, SCV x2  
  83  6:54  Barracks  
  83  6:55  SCV  
  83  6:56  Barracks  
  83  7:01  Marine x3  
  87  7:12  Concussive Shells  
  87  7:13  Siege Tank  
  90  7:18  Marine x3  
  90  7:20  SCV x2  
  90  7:22  Barracks Reactor  
  95  7:28  Armory  
  95  7:32  SCV x2  
  95  7:36  Marine  
  98  7:37  Marine  
  98  7:38  Marine  
  98  7:41  Planetary Fortress  
  101  7:44  SCV x2  
  102  7:54  Marine  
  102  7:56  Barracks Tech Lab x2, SCV x2  
  105  8:03  Factory  
  105  8:07  Marine  
  105  8:08  Marine x2  
  105  8:10  SCV  
  105  8:11  SCV  
  112  8:12  Marauder  
  112  8:16  Marine, Marauder x2  
  117  8:25  Marine x3, SCV x2  
  124  8:34  Marauder  
  124  8:39  Marine x2  
  124  8:40  Marauder  
  128  8:42  Supply Depot  
  128  8:43  Marine x2  
  128  8:44  Supply Depot x2  
  128  8:46  SCV x2  
  132  8:55  Terran Infantry Weapons Level 2  
  132  9:03  Medivac x2  
  132  9:04  Marauder x2  
  140  9:17  Marine x3  
  140  9:19  Factory Tech Lab  
  140  9:20  Thor  
  146  9:25  Marauder  
  138  9:33  SCV x3  
  134  9:40  Missile Turret  
  134  9:41  Missile Turret x3  
  134  9:42  Missile Turret x2  
  134  9:43  Missile Turret  
  134  9:44  Missile Turret  
  134  9:45  Missile Turret  
  134  9:46  Refinery x2  
  134  9:49  Thor  
  134  9:51  Terran Infantry Armor Level 2  
  140  9:53  SCV x3  
  143  10:00  Supply Depot  
  143  10:01  Supply Depot  
  143  10:02  Supply Depot  
  143  10:03  Thor  
  143  10:05  SCV x3  
  152  10:13  Marine  
  152  10:14  Marine x2, Marauder  
  157  10:22  Marauder x2  
  157  10:25  Terran Vehicle Weapons Level 1, Supply Depot  
  161  10:32  Thor  
  157  11:28  Command Center  
  157  11:32  Command Center  
  157  11:40  Marine  
  157  11:41  Marine x4  
  157  11:42  Marauder x2  
  118  11:58  Marine  
  118  11:59  Marine x3, Marauder  
  122  12:03  Marauder  
  122  12:04  Marauder  
  124  12:16  Marine  
  124  12:17  Marine x3  
  124  12:20  Marauder  
  124  12:22  Siege Tank x2  
  136  12:25  Marauder x2  
  140  12:34  Marine x3  
  140  12:35  Marine  
  144  12:42  Medivac x2, Marauder  
  144  12:44  Orbital Command  
  150  12:46  Marine, Marauder  
  153  12:51  Marine  
  153  12:52  Marine x3  
  153  12:54  Siege Tank x2  
  153  12:55  Liberator x2  
  163  13:03  Marauder  
  163  13:04  Marauder  
  167  13:06  Supply Depot x2  
  167  13:07  Marauder, Supply Depot  
  167  13:09  Marine  
  176  13:14  Terran Infantry Armor Level 3, Terran Infantry Weapons Level 3  
  176  13:25  Planetary Fortress  
  176  13:31  Terran Vehicle Weapons Level 2  
  176  13:41  Liberator x2, Starport  
  176  13:52  Missile Turret  
  176  13:54  Missile Turret  
  176  13:55  Missile Turret  
  176  13:58  Supply Depot, Ghost Academy  
  176  13:59  Supply Depot  
  179  14:19  Supply Depot  
  179  14:20  Supply Depot  
  179  14:21  Widow Mine x2, Supply Depot  
  179  14:22  Supply Depot  
  183  14:24  Liberator x2  
  183  14:28  Supply Depot  
  183  14:29  Supply Depot  
  183  14:30  Personal Cloaking, Supply Depot  
  189  14:54  Starport Tech Lab  
  189  14:55  Starport Reactor  
  189  14:58  Missile Turret  
  189  15:00  Missile Turret  
  189  15:20  Marine x3  
  189  15:21  Marine, Marauder  
  195  15:24  Barracks  
  120  15:50  Marine x2  
  120  15:51  Marauder  
  120  15:55  Marine  
  120  15:56  Marine x2  
  129  16:02  Ghost  
  129  16:08  Marine x2  
  131  16:11  Refinery  
  131  16:12  Refinery, Marauder  
  131  16:13  Marine x2  
  131  16:14  Marauder, Barracks Reactor  
  137  16:24  Viking  
  137  16:25  Viking x2  
  141  16:30  Ghost  
  141  16:31  Marine x3  
  148  16:34  Marauder  
  148  16:35  Command Center  
  148  16:36  Marauder  
  148  16:37  Barracks Tech Lab  
  152  16:40  Barracks  
  152  16:42  SCV, Barracks  
  142  16:54  Ghost  
  142  16:56  Ghost  
  142  16:58  Command Center  
  142  16:59  Ghost  
  148  17:09  Ghost  
  150  17:20  Marine  
  151  17:23  Ghost  
  151  17:25  Ghost  
  151  17:27  Ghost  
  157  17:31  Siege Tank  
  160  17:37  Ghost  
  159  17:52  Marauder  
  159  17:54  Marauder  
  159  17:57  Marauder  
  155  18:06  Ghost  
  115  18:13  Marauder  
  115  18:15  Marauder  
  115  18:18  Marauder  
Show
View Real Time Build Order
Export as new Build Order

Dutchkid Zerg - Winner!

Build Orders: Hatch First, Muta Ling Bane 

Get SALT Encoding   

  12  0:01  Drone  
  13  0:12  Overlord  
  13  0:16  Drone  
  14  0:30  Drone  
  14  0:31  Drone  
  14  0:34  Drone  
  17  0:51  Hatchery  
  17  0:54  Drone  
  17  0:57  Extractor  
  17  0:58  Drone  
  17  1:14  Spawning Pool  
  17  1:16  Drone  
  17  1:19  Drone  
  18  1:28  Drone  
  19  1:39  Overlord  
  19  1:50  Drone  
  20  2:01  Metabolic Boost, Queen  
  20  2:03  Queen  
  20  2:05  Zergling x2  
  26  2:08  Zergling x2  
  26  2:29  Extractor  
  25  2:40  Drone x2  
  25  2:41  Drone x2  
  29  2:46  Hatchery  
  29  2:54  Extractor  
  29  2:55  Drone x4  
  29  2:57  Queen  
  34  3:02  Overlord  
  34  3:07  Drone  
  36  3:21  Zergling x4  
  36  3:22  Zergling x8  
  36  3:26  Overlord  
  42  3:28  Overlord  
  42  3:30  Queen  
  44  3:48  Drone x2  
  44  3:49  Drone  
  44  3:53  Extractor  
  44  3:54  Drone x3  
  44  3:55  Drone x3  
  45  4:24  Queen  
  45  4:30  Baneling Nest  
  46  4:38  Evolution Chamber, Zergling x8, Extractor  
  45  4:39  Zergling x4  
  45  4:40  Drone x3  
  45  4:41  Evolution Chamber, Drone x3  
  45  4:42  Drone  
  56  4:52  Overlord x2  
  56  4:54  Drone  
  56  4:55  Drone x6  
  56  4:59  Lair  
  63  5:08  Zerg Ground Armor Level 1  
  63  5:12  Drone x3  
  66  5:14  Extractor  
  66  5:19  Zerg Melee Weapons Level 1  
  65  5:31  Queen x2  
  65  5:33  Zergling x12  
  75  5:36  Drone x2  
  75  5:41  Drone  
  75  5:42  Drone x2  
  80  5:50  Drone  
  80  5:51  Drone  
  80  5:52  Overlord x3  
  82  6:10  Queen  
  84  6:15  Centrifical Hooks  
  84  6:21  Drone x6  
  84  6:22  Spire  
  84  6:23  Extractor  
  84  6:25  Extractor  
  87  6:34  Drone x2  
  87  6:35  Hatchery, Drone x4  
  92  6:40  Zergling x12  
  92  6:41  Baneling x2  
  92  6:42  Baneling x4  
  92  6:43  Overseer  
  92  6:45  Overlord x2  
  92  6:47  Pneumatized Carapace  
  98  6:56  Overlord x3  
  98  7:14  Zerg Melee Weapons Level 2  
  98  7:15  Zerg Ground Armor Level 2  
  98  7:18  Drone x2  
  100  7:23  Overlord x3  
  100  7:24  Overseer  
  100  7:27  Zergling x24  
  100  7:28  Zergling x2  
  113  7:30  Baneling x3  
  113  7:31  Baneling x2  
  113  7:32  Baneling x2  
  111  7:52  Zergling x22  
  111  7:56  Baneling  
  111  7:57  Baneling x11  
  111  7:58  Baneling x3  
  122  8:03  Queen  
  122  8:05  Drone x5  
  129  8:20  Zerg Flyer Weapons Level 1  
  129  8:21  Mutalisk x5  
  129  8:22  Mutalisk  
  141  8:31  Overseer  
  141  8:38  Extractor x2  
  141  8:41  Infestation Pit  
  138  8:42  Drone x3  
  138  8:43  Drone x3  
  138  8:44  Overlord  
  138  8:45  Overlord x2  
  138  8:46  Mutalisk  
  146  8:56  Mutalisk x3  
  152  9:09  Mutalisk x2  
  141  9:26  Hatchery  
  141  9:30  Mutalisk x5  
  133  9:38  Drone  
  133  9:39  Drone x3  
  133  9:42  Hive  
  137  9:58  Baneling x3  
  137  9:59  Zergling x16  
  149  10:00  Zergling x20  
  155  10:11  Baneling  
  155  10:12  Baneling x4  
  155  10:15  Overlord  
  155  10:16  Overlord x2  
  155  10:21  Zerg Flyer Weapons Level 2  
  119  10:53  Zergling x16  
  119  10:54  Zergling x30  
  123  11:07  Zerg Melee Weapons Level 3  
  123  11:08  Zerg Ground Armor Level 3  
  119  11:13  Ultralisk Cavern  
  119  11:14  Adrenal Glands  
  119  11:15  Zergling x8  
  119  11:16  Zergling x16  
  130  11:19  Baneling  
  130  11:20  Baneling x24  
  130  11:21  Baneling x12  
  130  11:30  Zergling x2  
  130  11:31  Zergling x14  
  131  11:45  Zergling x2  
  131  11:46  Zergling x26  
  104  11:58  Zergling x16  
  101  12:07  Ultralisk x2  
  113  12:08  Zergling x4  
  113  12:10  Baneling  
  113  12:11  Baneling x2  
  113  12:12  Baneling  
  113  12:14  Baneling  
  103  12:26  Chitinous Plating  
  103  12:30  Zergling x2  
  103  12:31  Zergling x14  
  103  12:32  Zergling x2  
  112  12:42  Queen  
  114  12:45  Baneling  
  114  12:46  Baneling x11  
  114  12:57  Ultralisk  
  112  13:18  Hatchery  
  111  13:23  Ultralisk  
  117  13:27  Baneling x2  
  117  13:28  Baneling x4  
  117  13:30  Zergling x6  
  117  13:31  Zergling x2  
  121  13:35  Hatchery  
  120  13:49  Ultralisk  
  120  13:50  Ultralisk  
  118  14:13  Zergling x28  
  118  14:14  Zergling x6  
  133  14:30  Greater Spire  
  133  14:39  Ultralisk x2  
  145  14:49  Extractor  
  145  14:50  Baneling x11  
  145  14:51  Extractor  
  143  14:54  Queen  
  143  15:09  Ultralisk  
  143  15:11  Corruptor x2  
  153  15:19  Corruptor x2  
  121  15:43  Zergling x12  
  121  15:44  Zergling x30  
  136  15:51  Corruptor x2  
  140  16:02  Corruptor x3  
  146  16:07  Drone x3  
  146  16:09  Drone x3  
  152  16:13  Queen  
  154  16:21  Baneling  
  154  16:22  Baneling x17  
  154  16:28  Zerg Flyer Armor Level 1  
  154  16:30  Zerg Missile Weapons Level 1  
  139  16:56  Zergling x42  
  139  16:57  Zergling x4  
  162  17:11  Zergling x2  
  162  17:12  Zergling x26  
  176  17:19  Overlord  
  176  17:25  Overseer x2  
  176  17:30  Baneling x14  
  176  17:31  Baneling  
  176  17:34  Corruptor  
  176  17:35  Corruptor  
  180  17:40  Corruptor x3  
  180  17:42  Extractor  
  185  17:45  Extractor  
  184  18:00  Overlord x3  
  178  18:11  Zergling x4  
  178  18:12  Zergling x12, Ultralisk x2  
  177  18:17  Zergling x18  
Tags
 
Add a new tag
Caveats
  • Supply blocks, unpowered buildings, or Contaminate may cause inaccurate times.
  • Supply counts are checked every 10 seconds.